 Dungeon Crawl Stone Soup version 0.28-a0-957-g42eb19b844 (webtiles) character file.

Game seed: 4935693458668172918

28 deadmanwalking the Cudgeller (level 2, -1/26 HPs)
             Began as a Minotaur Abyssal Knight on Nov 30, 2021.
             Was a Believer of Lugonu.
             Slain by a gnoll (5 damage)
             ... on level 1 of the Dungeon.
             The game lasted 00:02:36 (928 turns).

deadmanwalking the Cudgeller (MiAK)                  Turns: 928, Time: 00:02:37

Health: -1/26      AC:  4    Str: 17    XL:     2   Next: 96%
Magic:  2/2        EV: 11    Int:  7    God:    Lugonu [**....]
Gold:   41         SH:  0    Dex: 10    Spells: 1/1 levels left

rFire   . . .      SeeInvis .   a - +1 mace
rCold   . . .      Faith    .   (no shield)
rNeg    . . .      Spirit   .   b - +0 leather armour
rPois   .          Reflect  .   (helmet restricted)
rElec   .          Harm     .   (no cloak)
rCorr   .          Rampage  .   (no gloves)
Will    .....                   e - +0 pair of boots
Stlth   +.........              (no amulet)
HPRegen 0.08/turn               (no ring)
MPRegen 0.08/turn               (no ring)

@: no status effects
A: horns 2, retaliatory headbutt
a: Renounce Religion, Depart the Abyss, Bend Space


You were on level 1 of the Dungeon.
You worshipped Lugonu.
Lugonu was pleased with you.
You visited 1 branch of the dungeon, and saw 2 of its levels.
You visited the Abyss 1 time.

You collected 41 gold pieces.

Inventory:

Hand Weapons
 a - a +1 mace (weapon)
Missiles
 g - 9 stones (quivered)
Armour
 b - a +0 leather armour (worn)
 e - a +0 pair of boots (worn)
Potions
 c - a potion of attraction {unknown}
 d - 3 potions of heal wounds {unknown}
 f - a potion of ambrosia {unknown}


   Skills:
 - Level 3.6 Fighting
 * Level 3.8 Maces & Flails
 - Level 2.4 Armour
 - Level 1.1 Dodging
 + Level 2.3 Invocations


You had one spell level left.
You didn't know any spells.
Your spell library was empty.

Dungeon Overview and Level Annotations

Branches:
Dungeon (2/15)

Altars:

Shops:
D:1 (


Innate Abilities, Weirdness & Mutations

You have a pair of horns on your head.
You reflexively headbutt those who attack you in melee.


Message History

A rat comes into view.
The endoplasm hits you.
You hit the endoplasm.
You kill the endoplasm!
Lugonu accepts your kill. The kobold hits you but does no damage.
You barely miss the kobold. Your headbutt misses the kobold.
The kobold hits you with a +0 short sword.
You hit the kobold.
You kill the kobold!
Lugonu accepts your kill.
You hit the rat.
You kill the rat!
Lugonu accepts your kill.
No target in view!
No target in view!
HP restored.
g - 9 stones (gained 5)
Things that are here:
a +0 short sword; a rat corpse; a kobold corpse A gnoll comes into view.
It is wielding a +0 spear.
The gnoll shouts!
You hear a shout! x2
A gnoll comes into view. It is wielding a +0 halberd.
There is a stone staircase leading up here.
A gnoll comes into view. It is wielding a +0 flail.
A gnoll comes into view. It is wielding a +0 club.
The gnoll shouts! x2
The gnoll hits you with a +0 spear. The gnoll misses you.
There is a stone staircase leading up here.
The gnoll hits you with a +0 spear.
The gnoll hits you from afar with a +0 halberd!
* * * LOW HITPOINT WARNING * * *
You climb upwards.
There is a stone staircase leading down here.
You closely miss the gnoll.
You headbutt the gnoll, but do no damage.
The gnoll misses you. The gnoll hits you with a +0 spear.
* * * LOW HITPOINT WARNING * * *
You barely miss the gnoll. The gnoll hits you with a +0 spear.
You die...

.######..#.##.##..#
.#.....).#.##.##..#
.#.......#.##..#..#
.#########..#..#..#
..........#.#..#..#
..........#.#..)..#
..........#.......#
......♣...###.#.g##
.....8....# #...@#
..<.......# ######
..........#
..........#
..........#
.########## .# .#
.#


You could see a gnoll.

Vanquished Creatures
  An endoplasm (D:2)
  3 goblins (D:1)
  5 hobgoblins (D:1)
  3 kobolds
  A quokka (D:1)
  8 bats (D:1)
  2 frilled lizards (D:1)
  3 rats
26 creatures vanquished.

Notes
Turn   | Place    | Note
-------+----------+-------------------------------------------
     0 | Abyss:1  | deadmanwalking the Minotaur Abyssal Knight began the quest
                  | for the Orb.
     0 | Abyss:1  | Reached XP level 1. HP: 19/19 MP: 1/1
     5 | Abyss:1  | Noticed a large abomination
    11 | D:1      | Escaped the Abyss
    20 | D:1      | Found a faded altar of an unknown god.
    67 | D:1      | Reached XP level 2. HP: 20/26 MP: 2/2
   140 | D:1      | Found Kiqiagob's Weapon Emporium.
   760 | D:1      | Reached ** piety under Lugonu
   928 | D:1      | Slain by a gnoll

Illustrated notes

Levels and vault maps discovered:
D:1:      wander_arrival_peaceful_grave, layout_basic, serial_shops,
          nicolae_shop_bloodbath_and_beyond,
          hellmonk_ecumenical_altar_pennies_from_heaven
D:2:      layout_basic, basic_altar, roderic_cross_of_infinity

Skill      XL: |  1 |
---------------+----+-----
Invocations    | 2 |  2.3
Maces & Flails | 3 |  3.8
Fighting       | |  3.6
Armour         | |  2.4
Dodging        | |  1.1

Action                   || total
-------------------------++-------
Melee: Mace              ||    41
       Headbutt          ||     5
  Use: Scroll            ||     1
Armor: Leather armour    ||    21
Dodge: Dodged            ||    26

Table legend: (Time is in decaauts)
 A = Elapsed time spent in this place.
 B = Non-inter-level travel time spent in this place.
 C = Inter-level travel time spent in this place.
 D = Time resting spent in this place.
 E = Time spent auto-exploring this place.
 F = Levels seen in this place.
 G = Mean time per level.
                   A        B        C        D        E       F      G
               +--------+--------+--------+--------+--------+-----+--------+
         Total |    938 |    911 |     27 |      0 |    764 |   3 |  312.7 |
       Dungeon |    927 |    900 |     27 |      0 |    760 |   2 |  463.5 |
         Abyss |     11 |     11 |      0 |      0 |      4 |   1 |   11.0 |
               +--------+--------+--------+--------+--------+-----+--------+

Top non-repeatable levels by time:
     D:1: 827 daAuts
     D:2: 100 daAuts
 Abyss:1: 11 daAuts
